 Dungeon Crawl Stone Soup version 0.28-a0-297-g99b01970c5 (webtiles) character file.

Game seed: 8237370645550715099

11 McIrco the Skirmisher (level 2, 0/24 HPs)
             Began as a Human Cinder Acolyte on Aug 29, 2021.
             Was a High Priest of Ignis.
             Succumbed to an adder's poison
             ... on level 2 of the Dungeon.
             The game lasted 00:00:34 (481 turns).

McIrco the Skirmisher (Human Cinder Acolyte)         Turns: 481, Time: 00:00:35

Health: 0/24       AC:  3    Str: 15    XL:     2   Next: 35%
Magic:  3/3        EV: 11    Int: 13    God:    Ignis [*****.]
Gold:   35         SH:  0    Dex:  8    Spells: 2/3 levels left

rFire   + . .      SeeInvis .   a - -1 hand axe (flame)
rCold   . . .      Faith    .   (no shield)
rNeg    . . .      Spirit   .   b - +0 robe
rPois   .          Reflect  .   (no helmet)
rElec   .          Harm     .   c - +0 cloak
rCorr   .          Rampage  .   (no gloves)
Will    .....                   (no boots)
Stlth   +.........              (no amulet)
HPRegen 0.08/turn               (no ring)
MPRegen 0.08/turn               (no ring)

@: lethally poisoned (0 -> -1)
A: no striking features
a: Renounce Religion, Sea of Fire, Foxfire Swarm, Rising Flame


You were on level 2 of the Dungeon.
You worshipped Ignis.
Ignis was extremely pleased with you.
You visited 1 branch of the dungeon, and saw 2 of its levels.

You collected 35 gold pieces.

Inventory:

Hand Weapons
 a - a -1 hand axe of flaming (weapon)
Armour
 b - a +0 robe (worn)
 c - a +0 cloak (worn)


   Skills:
 + Level 3.6 Fighting
 - Level 3.0 Axes
 + Level 0.1 Dodging
 - Level 1.0 Spellcasting
 - Level 1.0 Fire Magic


You had 2 spell levels left.
You knew the following spells:

 Your Spells              Type           Power      Damage    Failure   Level
a - Foxfire               Conj/Fire      4%         2x1d4     22%         1

Your spell library contained the following spells:

 Spells                   Type           Power      Damage    Failure   Level


Dungeon Overview and Level Annotations

Branches:
Dungeon (2/15)

Altars:


Message History

An endoplasm comes into view.
The quokka barely misses you. The quokka bites you.
You miss the quokka.
The endoplasm quivers.
The quokka barely misses you.
You hit the adder. You burn the adder.
The adder is moderately wounded.
You barely miss the quokka. The adder bites you.
You are poisoned.
The adder poisons you! The quokka barely misses you.
The adder barely misses you.
You closely miss the adder.
The adder is moderately wounded.
You barely miss the quokka.
You feel sick. The quokka bites you. The adder bites you but does no damage.
The quokka barely misses you.
You barely miss the adder.
The adder is moderately wounded.
You hit the quokka. You burn the quokka.
You feel sick. The adder barely misses you. The quokka bites you.
The adder bites you.
You are more poisoned.
The adder poisons you!
You feel sick.
Okay, then.
Unknown command.
You hit the quokka. You burn the quokka.
You kill the quokka!
You feel sick. The endoplasm freezes you.
You are frozen.
* * * LOW HITPOINT WARNING * * *
You hit the endoplasm. You burn the endoplasm.
You kill the endoplasm!
* * * LOW HITPOINT WARNING * * *
You feel sick. The adder bites you.
* * * LOW HITPOINT WARNING * * *
You aren't carrying any potions.
Unknown command.
* * * LOW HITPOINT WARNING * * *
You feel sick.
You die...

# ##+## .# ##...##
#.## ##.....## #...#
##.......## #....#
#.........####.....#
+.........@.S†....#
#.........####......#
##.......## #.....#
##.....## ##...#
##.<.## .## ##+## #


You could see an adder.

Vanquished Creatures
  2 ball pythons
  An endoplasm (D:2)
  A goblin (D:1)
  A hobgoblin (D:1)
  2 jackals (D:1)
  A quokka (D:2)
8 creatures vanquished.

Notes
Turn   | Place    | Note
-------+----------+-------------------------------------------
     0 | D:1      | McIrco the Human Cinder Acolyte began the quest for the
                  | Orb.
     0 | D:1      | Reached XP level 1. HP: 18/18 MP: 2/2
   343 | D:1      | Reached XP level 2. HP: 14/24 MP: 3/3
   480 | D:2      | HP: 1/24 [poisoned by an adder]
   481 | D:2      | Succumbed to an adder's poison

Illustrated notes

Levels and vault maps discovered:
D:1:      amcnicky_arrival_double_pillar, layout_rooms
D:2:      layout_loops_corners, solitary_fountain, uniq_terence,
          uniq_crazy_yiuf_cottage

Action                   || total
-------------------------++-------
Melee: Hand axe          ||    30
Armor: Robe              ||     5
Dodge: Dodged            ||    15

Table legend: (Time is in decaauts)
 A = Elapsed time spent in this place.
 B = Non-inter-level travel time spent in this place.
 C = Inter-level travel time spent in this place.
 D = Time resting spent in this place.
 E = Time spent auto-exploring this place.
 F = Levels seen in this place.
 G = Mean time per level.
                   A        B        C        D        E       F      G
               +--------+--------+--------+--------+--------+-----+--------+
         Total |    485 |    453 |     32 |      0 |    379 |   2 |  242.5 |
       Dungeon |    485 |    453 |     32 |      0 |    379 |   2 |  242.5 |
               +--------+--------+--------+--------+--------+-----+--------+

Top non-repeatable levels by time:
     D:1: 366 daAuts
     D:2: 118 daAuts
